 Dungeon Crawl Stone Soup version 0.28.0 (webtiles) character file.

Game seed: 6353537946130771512

18979 Clumpoid the Blocker (level 12, -4/97 HPs)
             Began as a Gnoll Fighter on Feb 16, 2022.
             Was the Champion of Okawaru.
             Slain by a chaos spawn (11 damage)
             ... summoned by an orc high priest
             ... on level 2 of the Orcish Mines.
             The game lasted 00:13:54 (14410 turns).

Clumpoid the Blocker (Gnoll Fighter)               Turns: 14410, Time: 00:13:55

Health: -4/97      AC: 33    Str: 21      XL:     12   Next: 64%
Magic:  32/32      EV: 10    Int: 14 (15) God:    Okawaru [******]
Gold:   1183       SH:  0    Dex: 11      Spells: 26/26 levels left

rFire   + + .      SeeInvis +   e - +7 scimitar of Dishonesty {protect, Fragile rF+++ rCorr MP+9}
rCold   + . .      Faith    .   c - +0 buckler
rNeg    . . .      Spirit   .   q - +2 chain mail {Will+}
rPois   +          Reflect  +   I - +0 hat
rElec   +          Harm     .   d - +2 cloak
rCorr   +          Rampage  +   L - +2 pair of gloves "Kiwkoji" {Regen+ Str+3}
Will    +....                   s - +2 pair of boots {rampage}
Stlth   ..........              p - amulet of reflection
HPRegen 1.06/turn               y - ring of see invisible
MPRegen 0.23/turn               b - ring of Mofaof {Ice rElec rPois Int+4}

@: confused, ambrosia-drunk, under a protective aura, hasted, unable to read,
very quick
A: fangs 1, strong nose, distributed training, iridescent scales 1,
deterioration 1, subdued magic 1, inability to read while threatened
a: Renounce Religion, Heroism, Finesse, Duel


You were on level 2 of the Orcish Mines.
You worshipped Okawaru.
Okawaru was exalted by your worship.
You visited 2 branches of the dungeon, and saw 14 of its levels.

You collected 1183 gold pieces.

Inventory:

Hand Weapons
 a - a +1 war axe
 e - the +7 scimitar of Dishonesty (weapon) {protect, Fragile rF+++ rCorr MP+9}
   (You acquired it on level 4 of the Dungeon)

   It grants its wielder temporary protection when it strikes (+7 to AC).
   rF:        It renders you almost immune to fire.
   MP:        It affects your magic capacity (+9).
   rCorr:     It protects you from acid and corrosion.
   Fragile:   It will be destroyed if unequipped.
Missiles
 f - 6 throwing nets (quivered)
Armour
 c - a +0 buckler (worn)
 d - a +2 cloak (worn)
 q - a +2 chain mail of willpower (worn)
 s - a +2 pair of boots of rampaging (worn)
 I - a +0 hat (worn)
 L - the +2 pair of gloves "Kiwkoji" (worn) {Regen+ Str+3}
   (Okawaru gifted it to you on level 11 of the Dungeon)

   Str:       It affects your strength (+3).
   Regen:     It increases your rate of health regeneration.
Jewellery
 b - the ring of Mofaof (right hand) {Ice rElec rPois Int+4}
   (You found it on level 6 of the Dungeon)

   [ring of ice]

   It enhances your ice magic.
   Int:       It affects your intelligence (+4).
   rF:        It makes you vulnerable to fire.
   rC:        It protects you from cold.
   rElec:     It insulates you from electricity.
   rPois:     It protects you from poison.
 h - a ring of flight
 p - an amulet of reflection (around neck)
 r - a ring of positive energy
 y - a ring of see invisible (left hand)
Wands
 g - a wand of iceblast (1)
 k - a wand of acid (6)
 u - a wand of polymorph (6)
 x - a wand of paralysis (10)
 A - a wand of flame (11)
Scrolls
 j - a scroll of enchant armour
 l - 2 scrolls of noise
 m - a scroll of immolation
 n - 2 scrolls of magic mapping
 o - 3 scrolls of blinking
 t - a scroll of vulnerability
 v - 7 scrolls of identify
 z - 2 scrolls of silence
 F - a scroll of torment
 G - a scroll of fog
Potions
 i - 4 potions of flight
 C - 3 potions of might
 E - 2 potions of brilliance
 J - a potion of lignification
Miscellaneous
 H - a box of beasts


   Skills:
 + Level 10.0 Fighting
 + Level 7.5 Short Blades
 + Level 7.5 Long Blades
 + Level 8.9 Axes
 + Level 7.5 Maces & Flails
 + Level 7.5 Polearms
 + Level 7.5 Staves
 + Level 7.5 Slings
 + Level 7.5 Bows
 + Level 7.5 Crossbows
 + Level 7.5 Throwing
 + Level 10.0 Armour
 + Level 7.5 Dodging
 + Level 7.5 Stealth
 + Level 10.0 Shields
 + Level 7.5 Unarmed Combat
 + Level 7.5 Spellcasting
 + Level 6.2 Conjurations
 + Level 6.2 Hexes
 + Level 6.2 Summonings
 + Level 6.2 Necromancy
 + Level 6.2 Translocations
 + Level 6.2 Transmutations
 + Level 6.2 Fire Magic
 + Level 6.2 Ice Magic
 + Level 6.2 Air Magic
 + Level 6.2 Earth Magic
 + Level 6.2 Poison Magic
 + Level 8.2 Invocations
 + Level 7.5 Evocations


You had 26 spell levels left.
You didn't know any spells.
Your spell library contained the following spells:

 Spells                   Type           Power      Damage    Failure   Level
 Apportation              Tloc           34%        N/A       7%          1
 Blink                    Tloc           34%        N/A       11%         2
 Frozen Ramparts          Ice            52%        1d7       22%         3
 Lesser Beckoning         Tloc           17%        N/A       22%         3
 Stone Arrow              Conj/Erth      34%        3d9       22%         3
 Ice Form                 Ice/Tmut       26%        N/A       58%         4
 Manifold Assault         Tloc           17%        N/A       91%         5
 Storm Form               Tmut/Air       8%         N/A       100%        7
 Lehudib's Crystal Spear  Conj/Erth      8%         10d4      100%        8
 Maxwell's Capacitive Co  Air            8%         ∞         100%        8
 Animate Skeleton         Necr           Unusable   N/A       N/A         1
 Summon Small Mammal      Summ           Unusable   N/A       N/A         1
 Animate Armour           Summ/Erth      Unusable   N/A       N/A         4
 Summon Ice Beast         Ice/Summ       Unusable   N/A       N/A         4
 Summon Lightning Spire   Summ/Air       Unusable   N/A       N/A         4

Dungeon Overview and Level Annotations

Branches:
Dungeon (12/15)            Temple (0/1) D:7            Lair (0/6) D:9
    Orc (2/2) D:10            Elf (0/3) Orc:2

Altars:
Dithmenos
Kikubaaqudgha
Okawaru
Sif Muna
Xom
Zin
Beogh

Shops:
D:7 *   Orc:1 !


Innate Abilities, Weirdness & Mutations

You have very sharp teeth.
Your uncanny sense of smell can sniff out nearby items.
Your experience applies equally to all skills.
You are partially covered in iridescent scales. (AC +2)
Your body sometimes deteriorates upon taking damage.
Your spells are a little easier to cast, but a little less powerful.
You sometimes lose the ability to read scrolls when taking damage.


Message History

You slash the chaos spawn! Your bite misses the chaos spawn.
The chaos spawn is severely wounded.
The chaos spawn misses you.
The orc high priest invokes the aid of Beogh against you.
Beogh smites you!
* * * LOW HITPOINT WARNING * * *
You cannot read scrolls in your current state!
Unknown command.
You are confused.
You feel invigorated.
The orc wizard hits you but does no damage.
The chaos spawn barely misses you.
You feel as though your hastened speed will last longer.
The orc wizard hits you but does no damage.
You bump into the rock wall.
The chaos spawn barely misses you. The hellwing hits you!
* * * LOW HITPOINT WARNING * * *
The hellwing hits you but does no damage.
You hit the orc wizard.
The orc wizard is moderately wounded.
An orc wizard comes into view. It is wielding a +0 dagger.
The orc wizard barely misses you.
The chaos spawn gores you but does no damage.
The hellwing hits you but does no damage. x2
You bump into the rock wall.
The chaos spawn closely misses you.
You bump into the rock wall.
The hellwing barely misses you.
The hellwing hits you but does no damage.
You are too confused!
You hit the chaos spawn but do no damage.
The chaos spawn is severely wounded.
The orc wizard mumbles some strange words.
The orc wizard flickers and vanishes for a moment.
The chaos spawn completely misses you. The hellwing barely misses you.
The hellwing hits you but does no damage.
You barely miss the chaos spawn.
The chaos spawn is severely wounded.
The soul eater draws from the surrounding life force!
* * * LOW HITPOINT WARNING * * *
The chaos spawn hits you!
You die...

#. ###.### ##.........## #.
##....3####...........### #..
#....o..#.>.............##
#....#...#o.........#........#
#...##oo###.4.....###.#.......
.#.4.4o.o####.)o...#####.......
.o..o..)o.# ##.)....##.#......#
.....o.))## ##4o..........####
.....4$..# #@3o..........#
.#........# ##4...........#
#.....#.## ###.........##
#.....### #........## #.....
##.......## #..##.
###.÷......### #.. ##
###......#.....###
###)).....##.......#
#..<)....####.......


You could see a soul eater (summoned), an orc high priest, a hellwing
(summoned), a chaos spawn (summoned), an orc priest and an orc wizard
(invisible).

Vanquished Creatures
  Josephine (D:10)
  A boulder beetle (D:11)
  Erolcha (Orc:1)
  2 two-headed ogres
  An orc high priest (Orc:2)
  An orc knight (Orc:2)
  3 orc sorcerers
  2 cyclopes
  A manticore (D:11)
  A komodo dragon (D:10)
  2 trolls
  3 hornets
  4 slime creatures
  5 wraiths
  2 wyverns
  3 vampire mosquitoes (D:12)
  6 yaks
  3 steam dragons (D:9)
  A warg (Orc:2)
  An acid dragon (D:9)
  4 water moccasins
  A black bear (D:5)
  A swamp drake (D:10)
  A sky beast (D:5)
  16 orc warriors
  4 necrophages
  7 ogres
  2 centaurs (D:10)
  A phantom (D:8)
  3 kobold brigands
  Blork the orc (D:4)
  A bullfrog (D:7)
  A scorpion (D:5)
  A wyvern zombie (D:6)
  A gnoll sergeant (D:10)
  2 wyvern skeletons
  3 water moccasin skeletons (D:6)
  4 killer bees (D:10)
  15 wights
  2 howler monkeys
  4 crimson imps (D:8)
  2 hounds
  A jelly (D:4)
  4 centaur zombies
  Crazy Yiuf (D:4)
  A human zombie (D:9)
  18 orc priests
  A gnoll shaman (D:5)
  5 iguanas
  A scorpion zombie (D:5)
  Natasha (D:2)
  Terence (D:2)
  23 orc wizards
  A killer bee zombie (D:7)
  3 mummies (D:9)
  3 howler monkey zombies
  17 gnolls
  9 adders
  2 howler monkey skeletons
  A shadow imp (D:6)
  A white imp (D:8)
  An ufetubus (D:5)
  A worm (D:2)
  A dart slug (D:3)
  40 orcs
  9 ball pythons
  9 endoplasms
  2 giant cockroaches
  4 goblins
  5 hobgoblins
  18 kobolds
  5 quokkas
  10 bats
  5 frilled lizards
  6 rats
331 creatures vanquished.

Vanquished Creatures (others)
  4 plants (D:4)
4 creatures vanquished.

Grand Total: 335 creatures vanquished

Notes
Turn   | Place    | Note
-------+----------+-------------------------------------------
     0 | D:1      | Clumpoid the Gnoll Fighter began the quest for the Orb.
     0 | D:1      | Reached XP level 1. HP: 23/23 MP: 1/1
   151 | D:1      | Reached XP level 2. HP: 29/29 MP: 2/2
   377 | D:1      | Found a faded altar of an unknown god.
   390 | D:1      | Prayed at the altar of an unknown god.
   390 | D:1      | Became a worshipper of Warmaster Okawaru
   390 | D:1      | Reached * piety under Okawaru
   891 | D:2      | Reached XP level 3. HP: 34/35 MP: 3/3
   970 | D:2      | Noticed Natasha
   979 | D:2      | Killed Natasha
   980 | D:2      | Reached skill level 1 in Short Blades
   980 | D:2      | Reached skill level 1 in Long Blades
   980 | D:2      | Reached skill level 1 in Maces & Flails
   980 | D:2      | Reached skill level 1 in Polearms
   980 | D:2      | Reached skill level 1 in Staves
   980 | D:2      | Reached skill level 1 in Slings
   980 | D:2      | Reached skill level 1 in Bows
   980 | D:2      | Reached skill level 1 in Crossbows
   980 | D:2      | Reached skill level 1 in Throwing
   980 | D:2      | Reached skill level 1 in Dodging
   980 | D:2      | Reached skill level 1 in Stealth
   980 | D:2      | Reached skill level 1 in Unarmed Combat
   980 | D:2      | Reached skill level 1 in Spellcasting
   980 | D:2      | Reached skill level 1 in Invocations
   980 | D:2      | Reached skill level 1 in Evocations
   980 | D:2      | Reached XP level 4. HP: 29/41 MP: 5/5
  1757 | D:2      | Noticed Terence
  1771 | D:2      | Killed Terence
  1772 | D:2      | Reached skill level 1 in Conjurations
  1772 | D:2      | Reached skill level 1 in Hexes
  1772 | D:2      | Reached skill level 1 in Summonings
  1772 | D:2      | Reached skill level 1 in Necromancy
  1772 | D:2      | Reached skill level 1 in Translocations
  1772 | D:2      | Reached skill level 1 in Transmutations
  1772 | D:2      | Reached skill level 1 in Fire Magic
  1772 | D:2      | Reached skill level 1 in Ice Magic
  1772 | D:2      | Reached skill level 1 in Air Magic
  1772 | D:2      | Reached skill level 1 in Earth Magic
  1772 | D:2      | Reached skill level 1 in Poison Magic
  2076 | D:3      | Reached XP level 5. HP: 43/47 MP: 5/7
  3056 | D:4      | Reached ** piety under Okawaru
  3057 | D:4      | Reached XP level 6. HP: 32/53 MP: 8/8
  3206 | D:4      | Found a shimmering blue altar of Sif Muna.
  3209 | D:4      | Found a glowing silver altar of Zin.
  3343 | D:4      | Found a runed translucent door.
  3344 | D:4      | Noticed Crazy Yiuf
  3507 | D:4      | Reached skill level 5 in Axes
  3894 | D:4      | Noticed Blork the orc
  3902 | D:4      | Killed Blork the orc
  3903 | D:4      | Reached XP level 7. HP: 59/60 MP: 10/10
  4157 | D:4      | Gained mutation: You are partially covered in iridescent
                  | scales. (AC +2) [potion of mutation]
  4157 | D:4      | Gained mutation: You have hidden genetic defects. [potion
                  | of mutation]
  4164 | D:4      | Killed Crazy Yiuf
  4177 | D:4      | Identified a scroll of acquirement
  4177 | D:4      | Acquired the +7 scimitar of Dishonesty {protect, Fragile
                  | rF+++ rCorr MP+9}
  4431 | D:5      | Entered Level 5 of the Dungeon
  4467 | D:5      | Gained mutation: You sometimes lose the ability to read
                  | scrolls when taking damage. [hidden defects]
  4726 | D:5      | Gained mutation: Your spells are a little easier to cast,
                  | but a little less powerful. [hidden defects]
  4726 | D:5      | Lost mutation: You have hidden genetic defects. [hidden
                  | defects expressed]
  4851 | D:5      | Reached *** piety under Okawaru
  4852 | D:5      | Reached XP level 8. HP: 48/67 MP: 12/12
  6012 | D:6      | Identified the ring of Mofaof {Ice rElec rPois Int+4}
  6231 | D:6      | Reached **** piety under Okawaru
  6308 | D:6      | Received a gift from Okawaru
  6309 | D:6      | Reached XP level 9. HP: 73/73 MP: 14/14
  6805 | D:7      | Found a staircase to the Ecumenical Temple.
  6950 | D:7      | Received a gift from Okawaru
  7510 | D:7      | Found Moec's Assorted Antiques.
  7692 | D:8      | Found a shimmering altar of Xom.
  7696 | D:8      | Noticed a hornet
  7703 | D:8      | Killed a hornet
  7704 | D:8      | Reached skill level 5 in Invocations
  7818 | D:8      | Reached ***** piety under Okawaru
  8046 | D:8      | Received a gift from Okawaru
  8047 | D:8      | Reached XP level 10. HP: 68/80 MP: 17/17
  8475 | D:8      | Found a shadowy altar of Dithmenos.
  8521 | D:8      | Reached skill level 5 in Short Blades
  8521 | D:8      | Reached skill level 5 in Long Blades
  8521 | D:8      | Reached skill level 5 in Maces & Flails
  8521 | D:8      | Reached skill level 5 in Polearms
  8521 | D:8      | Reached skill level 5 in Staves
  8521 | D:8      | Reached skill level 5 in Slings
  8521 | D:8      | Reached skill level 5 in Bows
  8521 | D:8      | Reached skill level 5 in Crossbows
  8521 | D:8      | Reached skill level 5 in Throwing
  8521 | D:8      | Reached skill level 5 in Dodging
  8521 | D:8      | Reached skill level 5 in Stealth
  8521 | D:8      | Reached skill level 5 in Unarmed Combat
  8521 | D:8      | Reached skill level 5 in Spellcasting
  8521 | D:8      | Reached skill level 5 in Evocations
  8830 | D:9      | Noticed a two-headed ogre
  8852 | D:10     | Entered Level 10 of the Dungeon
  8852 | D:10     | Noticed Josephine
  9326 | D:9      | Killed a two-headed ogre
  9393 | D:9      | Found a staircase to the Lair.
  9845 | D:9      | Identified the +4 executioner's axe "Keaxt" {pain, rC+
                  | Str+6} (Okawaru gifted it to you on level 9 of the Dungeon)
  9845 | D:9      | Received a gift from Okawaru
  9927 | D:9      | Found an ancient bone altar of Kikubaaqudgha.
 10453 | D:10     | Reached XP level 11. HP: 70/87 MP: 19/19
 10462 | D:10     | Found a staircase to the Orcish Mines.
 10607 | D:10     | Killed Josephine
 10631 | D:9      | Reached skill level 5 in Conjurations
 10631 | D:9      | Reached skill level 5 in Hexes
 10631 | D:9      | Reached skill level 5 in Summonings
 10631 | D:9      | Reached skill level 5 in Necromancy
 10631 | D:9      | Reached skill level 5 in Translocations
 10631 | D:9      | Reached skill level 5 in Transmutations
 10631 | D:9      | Reached skill level 5 in Fire Magic
 10631 | D:9      | Reached skill level 5 in Ice Magic
 10631 | D:9      | Reached skill level 5 in Air Magic
 10631 | D:9      | Reached skill level 5 in Earth Magic
 10631 | D:9      | Reached skill level 5 in Poison Magic
 10957 | D:9      | Received a gift from Okawaru
 11851 | D:11     | Noticed a manticore
 11857 | D:11     | Killed a manticore
 12032 | D:11     | Noticed a cyclops
 12039 | D:11     | Killed a cyclops
 12049 | D:11     | Noticed a two-headed ogre
 12056 | D:11     | Killed a two-headed ogre
 12056 | D:11     | Identified the +2 pair of gloves "Kiwkoji" {Regen+ Str+3}
                  | (Okawaru gifted it to you on level 11 of the Dungeon)
 12056 | D:11     | Received a gift from Okawaru
 12270 | D:11     | Noticed a boulder beetle
 12286 | D:11     | Killed a boulder beetle
 12286 | D:11     | Reached ****** piety under Okawaru
 13082 | D:12     | Noticed a cyclops
 13093 | D:12     | Killed a cyclops
 13121 | D:12     | Reached XP level 12. HP: 92/96 MP: 22/22
 13282 | Orc:1    | Entered Level 1 of the Orcish Mines
 13335 | Orc:1    | Gained mutation: Your body sometimes deteriorates upon
                  | taking damage. [a neqoxec]
 13337 | Orc:1    | Noticed a soul eater
 13417 | Orc:1    | Noticed Erolcha
 13429 | Orc:1    | Killed Erolcha
 13570 | Orc:1    | Found Laaxkot's Distillery.
 14040 | Orc:2    | Entered Level 2 of the Orcish Mines
 14141 | Orc:2    | Found an iron altar of Okawaru.
 14229 | Orc:2    | Found a staircase to the Elven Halls.
 14313 | Orc:2    | Noticed an orc high priest
 14328 | Orc:2    | Killed an orc high priest
 14335 | Orc:2    | Reached skill level 10 in Fighting
 14335 | Orc:2    | Reached skill level 10 in Armour
 14335 | Orc:2    | Reached skill level 10 in Shields
 14383 | Orc:2    | Received a gift from Okawaru
 14389 | Orc:2    | Noticed an orc high priest
 14390 | Orc:2    | Noticed a soul eater
 14397 | Orc:2    | Noticed a soul eater
 14410 | Orc:2    | Slain by a chaos spawn

Illustrated notes

Levels and vault maps discovered:
D:1:      minmay_arrival_four_houses, layout_basic,
          shapermc_ecumenical_altar_flowoftime, minmay_pentomino_u2
D:2:      layout_basic, uniq_natasha, uniq_terence
D:3:      layout_loops_cross
D:4:      layout_basic, grunt_temple_overflow_open, lexackson_kobold_supper,
          uniq_crazy_yiuf_cottage, uniq_blork_the_orc
D:5:      layout_loops_ring, hangedman_abyss_or_decor_passed,
          kennysheep_generic_room_7
D:6:      layout_basic, hangedman_decor_opposing
D:7:      layout_basic, minmay_temple_entry_waves, serial_shops,
          nicolae_shop_overgrown_old_shop
D:8:      layout_basic, grunt_dithmenos_shadows, led_xom_imps
D:9:      layout_basic, lemuel_mausoleum_altar_kikubaaqudgha, lair_entry_dummy
D:10:     layout_long_grid, erik_orc_1, kennysheep_generic_room_13,
          uniq_josephine
D:11:     layout_loops_ring
D:12:     layout_roguey, gauntlet_entry_generic
Orc:1:    nicolae_orc_accident_3, layout_diamond_mine, serial_shops, shop,
          basic_altar, nicolae_orc_flooded_monolith, uniq_erolcha
Orc:2:    st_orc_mages, layout_diamond_mine, okawaru_metal_pillars_1_2

Skill      XL: |  1  2  3  4  5  6  7  8  9 10 11 12 |
---------------+-------------------------------------+-----
Short Blades   | 1 2 3 4 5 6 7 |  7.5
Long Blades    | 1 2 3 4 5 6 7 |  7.5
Maces & Flails | 1 2 3 4 5 6 7 |  7.5
Polearms       | 1 2 3 4 5 6 7 |  7.5
Staves         | 1 2 3 4 5 6 7 |  7.5
Slings         | 1 2 3 4 5 6 7 |  7.5
Bows           | 1 2 3 4 5 6 7 |  7.5
Crossbows      | 1 2 3 4 5 6 7 |  7.5
Throwing       | 1 2 3 4 5 6 7 |  7.5
Dodging        | 1 2 3 4 5 6 7 |  7.5
Stealth        | 1 2 3 4 5 6 7 |  7.5
Unarmed Combat | 1 2 3 4 5 6 7 |  7.5
Spellcasting   | 1 2 3 4 5 6 7 |  7.5
Invocations    | 1 2 3 4 5 6 7 8 |  8.2
Evocations     | 1 2 3 4 5 6 7 |  7.5
Conjurations   | 1 2 3 4 5 6 |  6.2
Hexes          | 1 2 3 4 5 6 |  6.2
Summonings     | 1 2 3 4 5 6 |  6.2
Necromancy     | 1 2 3 4 5 6 |  6.2
Translocations | 1 2 3 4 5 6 |  6.2
Transmutations | 1 2 3 4 5 6 |  6.2
Fire Magic     | 1 2 3 4 5 6 |  6.2
Ice Magic      | 1 2 3 4 5 6 |  6.2
Air Magic      | 1 2 3 4 5 6 |  6.2
Earth Magic    | 1 2 3 4 5 6 |  6.2
Poison Magic   | 1 2 3 4 5 6 |  6.2
Axes           | 5 6 7 8 |  8.9
Fighting       | 7 8 9 10 | 10.0
Armour         | 7 8 9 10 | 10.0
Shields        | 7 8 9 10 | 10.0

Action                   |  1- 3 |  4- 6 |  7- 9 | 10-12 || total
-------------------------+-------+-------+-------+-------++-------
Melee: War axe           |    65 |   190 |     9 |       ||   264
       Bite              |     1 |    15 |    33 |    89 ||   138
       Scimitar          |       |       |   293 |   704 ||   997
Invok: Heroism           |       |       |       |     6 ||     6
       Finesse           |       |       |       |     3 ||     3
Evoke: Wand              |       |       |       |     7 ||     7
  Use: Scroll            |       |    10 |     5 |     5 ||    20
       Potion            |       |     2 |     5 |     7 ||    14
 Stab: Paralysed         |       |       |       |    16 ||    16
Armor: Scale mail        |    44 |    57 |    26 |       ||   127
       Chain mail        |       |       |   146 |   459 ||   605
Dodge: Dodged            |    31 |    58 |    92 |   288 ||   469
Block: Buckler           |    14 |   103 |   187 |   481 ||   785
       Reflection        |       |     1 |     4 |     5 ||    10
